 Dungeon Crawl Stone Soup version 0.17.1-2-g5865329 (webtiles) character file.

4584 DeXoteric the Carver (level 10, 0/65 HPs)
             Began as a Tengu Berserker on Jan 10, 2016.
             Was a High Priest of Trog.
             Slain by a killer bee (2 damage)
             ... on level 9 of the Dungeon.
             The game lasted 00:18:46 (10016 turns).

DeXoteric the Carver (Tengu Berserker)             Turns: 10016, Time: 00:18:46

Health: 0/65       AC: 11    Str: 20    XL:     10   Next: 41%
Magic:  11/11      EV:  9    Int:  8    God:    Trog [*****.]
Gold:   128        SH:  0    Dex: 14    Spells: 0 memorised, 9 levels left

rFire  . . .     SeeInvis .     a - +0 long sword
rCold  . . .     Clarity  +     t - +1 chain mail
rNeg   . . .     SustAt   .     (no shield)
rPois  .         Gourm    .     (helmet restricted)
rElec  .         Spirit   .     f - +0 cloak
rCorr  .         Warding  .     (no gloves)
rMut   .         Stasis   .     (boots unavailable)
MR     +....                    k - amulet of clarity
Stlth  ..........               (no ring)
                                w - ring of protection from magic

@: lethally poisoned (0 -> -3), exhausted, slowed, heavily drained, very slow,
somewhat resistant to hostile enchantments, extremely unstealthy
A: beak, talons 3, able to fly 1
a: Fly, Berserk, Trog's Hand, Brothers in Arms, Burn Spellbooks, Renounce
Religion


You were on level 9 of the Dungeon.
You worshipped Trog.
Trog was extremely pleased with you.
You were hungry.

You visited 1 branch of the dungeon, and saw 9 of its levels.
You also visited: Ossuary.

You collected 368 gold pieces.
You spent 240 gold pieces at shops.

Inventory:

Hand Weapons
 a - a +0 long sword (weapon)
Armour
 f - a +0 cloak (worn)
 t - a +1 chain mail (worn)
Jewellery
 k - an amulet of clarity (around neck)
 w - a ring of protection from magic (left hand)
Wands
 D - a wand of disintegration (12)
Scrolls
 d - a scroll of enchant weapon
 g - 2 scrolls of enchant armour
 h - 2 scrolls of teleportation
 i - a scroll of fog
 x - 10 scrolls of identify
 y - a scroll of blinking
 z - a scroll of magic mapping
 B - a scroll of noise {unknown}
Potions
 e - a potion of invisibility
 j - 2 potions of flight
 l - 2 potions of might
 n - 2 potions of heal wounds {unknown}
 o - 2 potions of lignification
 p - 2 potions of brilliance
 q - a potion of resistance {unknown}
 r - 2 potions of magic {unknown}
 s - a potion of cancellation {unknown}
 u - 3 potions of degeneration {unknown}
 v - 3 potions of agility
 C - 2 potions of haste {unknown}
Comestibles
 c - 11 bread rations
 m - 6 meat rations
 A - a beef jerky


   Skills:
 + Level 8.8(7.3) Fighting
 + Level 12.0(10.4) Long Blades
 + Level 5.2(3.8) Armour
 + Level 5.2(3.8) Dodging


You had 9 spell levels left.
You didn't know any spells.

Dungeon Overview and Level Annotations

Branches:
Dungeon (9/15)             Temple (0/1) D:4            Lair (0/8) D:8
    Orc: D:9-12

Altars:
Elyvilon
Fedhas
Zin

Shops:
D:4 (   D:7 (?[


Innate Abilities, Weirdness & Mutations

You have a beak for a mouth.
You have claws for feet.
You can fly.


Message History

The wight hits you from afar with a trident!
* * * LOW HITPOINT WARNING * * *
You feel drained.
* * * LOW HITPOINT WARNING * * *
The killer bee barely misses you.
You are too injured to fight recklessly!
You are too injured to fight recklessly!
You take 26 damage, and have 4/65 hp.
MASSIVE DAMAGE!!
You are too injured to fight recklessly!
You are too injured to fight recklessly!
* * * LOW HITPOINT WARNING * * *
You feel sick. The killer bee closely misses you. The wight barely misses you.
The wight barely misses you.
The killer bee stings you but does no damage.
You take 1 damage, and have 3/65 hp.
* * * LOW HITPOINT WARNING * * *
You feel sick.
The killer bee stings you but does no damage.
The killer bee stings you.
You die...

[..)#.# #.##.#
...)).# #.####
...)### #....#
# ....# ####.#
.# ...## #.#
#... #..# #.#
....# #..# #.#
####.....#
#..#
#.###yzy.....#
#..#
#.##Qyz.h.#...
#..###
#.....###.....
#....# ####.##
.### #.##.#
#... <. #.##.#
####.# ..
#....# .. #
###### ##


You could see a hound, 3 killer bees and 2 wights.

Vanquished Creatures
  A two-headed ogre (D:8)
  Sigmund (D:4)
  3 yaks (D:9)
  A wyvern (D:5)
  Edmund (D:4)
  2 sky beasts
  A necrophage (D:9)
  A phantom (D:6)
  An orc warrior (D:6)
  3 ogres
  2 centaurs
  A big kobold (D:8)
  4 giant frogs
  The ghost of DeXoteric the Poker, an amateur TeWn of Okawaru (D:3)
  A wyvern zombie (D:6)
  3 water moccasin zombies (Ossuary)
  A water moccasin skeleton (D:3)
  2 scorpions
  5 wights
  13 killer bees
  A crimson imp (D:6)
  2 giant frog zombies (D:5)
  4 hounds
  A jelly (D:6)
  4 orc wizards
  3 centaur zombies
  2 orc priests
  2 centaur skeletons
  3 worker ants
  A big kobold zombie (Ossuary)
  A hound zombie (D:5)
  2 mummies (Ossuary)
  2 hound skeletons (D:7)
  8 adders
  2 worker ant zombies (D:7)
  9 gnolls
  7 adder zombies
  2 worms
  5 giant geckos
  30 orcs
  3 giant cockroaches
  2 gnoll zombies (Ossuary)
  14 hobgoblins
  24 jackals
  21 kobolds
  3 quokkas
  5 ball pythons
  10 bats
  4 giant newts
  17 goblins
  8 hobgoblin zombies (Ossuary)
  5 kobold zombies (Ossuary)
  4 orc zombies (Ossuary)
  3 rats
262 creatures vanquished.

Vanquished Creatures (others)
  A quokka (D:6)
1 creature vanquished.

Grand Total: 263 creatures vanquished

Notes
Turn   | Place    | Note
--------------------------------------------------------------
     0 | D:1      | DeXoteric the Tengu Berserker began the quest for the Orb.
     0 | D:1      | Reached XP level 1. HP: 14/14 MP: 2/2
   292 | D:1      | Reached XP level 2. HP: 17/19 MP: 3/3
   617 | D:1      | Reached skill level 4 in Long Blades
  1080 | D:2      | Reached XP level 3. HP: 19/23 MP: 4/4
  1367 | D:2      | Reached ** piety under Trog
  1515 | D:2      | Reached XP level 4. HP: 28/28 MP: 5/5
  2273 | D:3      | Reached skill level 5 in Long Blades
  2449 | D:3      | Reached *** piety under Trog
  2552 | D:3      | Gained mutation: You can fly. [Tengu growth]
  2552 | D:3      | Reached XP level 5. HP: 31/33 MP: 6/6
  2804 | D:3      | Reached skill level 6 in Long Blades
  2804 | D:3      | Reached XP level 6. HP: 35/39 MP: 7/7
  2979 | D:3      | Noticed DeXoteric's ghost (amateur TeWn)
  2987 | D:3      | Killed DeXoteric's ghost
  3134 | D:4      | Noticed Edmund
  3145 | D:4      | Killed Edmund
  3145 | D:4      | Reached skill level 5 in Fighting
  3145 | D:4      | Reached skill level 7 in Long Blades
  3254 | D:4      | Reached XP level 7. HP: 31/44 MP: 8/8
  3522 | D:4      | Found a staircase to the Ecumenical Temple.
  3584 | D:4      | Found a white marble altar of Elyvilon.
  3616 | D:4      | Found Noorag's Weapon Boutique.
  3643 | D:4      | Noticed Sigmund
  3655 | D:4      | Killed Sigmund
  3708 | D:4      | Got a transparent war axe
  3709 | D:4      | Identified the cursed +2 war axe of the Middle {chop, rPois Int+5} (You found it on level 4 of the Dungeon)
  3998 | D:5      | Entered Level 5 of the Dungeon
  4000 | D:5      | Found a blossoming altar of Fedhas.
  4001 | D:5      | Reached skill level 8 in Long Blades
  4262 | D:5      | Reached XP level 8. HP: 45/51 MP: 9/9
  4397 | D:5      | Noticed a wyvern
  4404 | D:5      | Killed a wyvern
  4404 | D:5      | Reached skill level 9 in Long Blades
  4698 | D:5      | Found a glowing silver altar of Zin.
  5243 | D:6      | Reached skill level 10 in Long Blades
  5433 | D:6      | Reached **** piety under Trog
  5433 | D:6      | Reached XP level 9. HP: 57/57 MP: 10/10
  6277 | D:6      | Reached ***** piety under Trog
  6475 | D:7      | Found Oxtot's Magic Scroll Shop.
  6482 | D:7      | Reached skill level 11 in Long Blades
  6503 | D:7      | Found Arona's Antique Armour Emporium.
  6504 | D:7      | Bought a scroll of remove curse for 36 gold pieces
  6504 | D:7      | Bought a scroll of identify for 24 gold pieces
  6504 | D:7      | Bought 2 scrolls of identify for 48 gold pieces
  6504 | D:7      | Bought a scroll of identify for 24 gold pieces
  6504 | D:7      | Bought a scroll of identify for 24 gold pieces
  6504 | D:7      | Bought a scroll of magic mapping for 42 gold pieces
  6504 | D:7      | Bought a scroll of magic mapping for 42 gold pieces
  7908 | D:7      | Found Opleben's Antique Weapon Shop.
  7983 | D:7      | Received a gift from Trog
  8414 | D:8      | Found a sand-covered staircase.
  8450 | Ossuary  | Entered an ossuary
  8856 | D:8      | Reached XP level 10. HP: 57/64 MP: 11/11
  8912 | D:8      | Found a staircase to the Lair.
  9055 | D:8      | Found a blossoming altar of Fedhas.
  9748 | D:9      | Reached skill level 12 in Long Blades
  9751 | D:9      | Reached skill level 5 in Armour
  9751 | D:9      | Reached skill level 5 in Dodging
 10015 | D:9      | HP: 3/65 [poisoned by a killer bee]
 10016 | D:9      | Slain by a killer bee

Action                   |  1- 3 |  4- 6 |  7- 9 | 10-12 || total
-------------------------+-------+-------+-------+-------++-------
Melee: Falchion          |    70 |   133 |   213 |       ||   416
       War axe           |       |       |    86 |       ||    86
       Long sword        |       |       |   241 |   105 ||   346
Invok: Berserk           |     2 |     3 |     9 |     3 ||    17
       Trog's Hand       |       |       |     2 |       ||     2
       Burn Spellbooks   |       |       |     1 |       ||     1
 Abil: Fly               |       |       |     2 |       ||     2
  Use: Scroll            |       |       |    21 |       ||    21
       Potion            |       |       |     1 |       ||     1
  Eat: Chunk             |     2 |     9 |    22 |     6 ||    39
       Beef jerky        |     1 |       |     4 |       ||     5
